 Dungeon Crawl Stone Soup version 0.19-a0-1081-g506d7b7 (webtiles) character file.

737 RandomStreaks the Covert (level 7, -1/34 HPs)
             Began as a Vine Stalker Assassin on Aug 7, 2016.
             Killed from afar by a jackal (8 damage)
             ... with an exploding inner flame
             ... hexed by the player character
             ... on level 4 of the Dungeon.
             The game lasted 00:17:32 (4742 turns).

RandomStreaks the Covert (Vine Stalker Assassin)    Turns: 4742, Time: 00:17:32

Health: -1/34      AC:  5    Str: 14    XL:     7   Next: 75%
Magic:  0/8        EV: 18    Int: 16    God:
Gold:   106        SH:  0    Dex: 22    Spells: 0 memorised, 6 levels left

rFire  + + .     SeeInvis +     a - +2 dagger
rCold  + . .     Gourm    .     E - +1 robe {rC+ rF+}
rNeg   . . .     Faith    .     (no shield)
rPois  .         Spirit   +     C - +0 helmet
rElec  .         Dismiss  .     d - +0 cloak
rCorr  .         Reflect  .     (no gloves)
SustAt .         Harm     .     (no boots)
MR     .....                    (no amulet)
Stlth  ++++++....               y - ring of protection from fire {rF+, !d}
                                l - ring of see invisible {sInv, !d}

@: brilliant, agile, lethally poisoned (-1 -> -1), flying
A: fangs 2, regeneration 2, magic shield, antimagic bite, no device heal 3, rot
immunity
a: no special abilities


You were on level 4 of the Dungeon.
You were hungry.

You visited 1 branch of the dungeon, and saw 4 of its levels.

You collected 106 gold pieces.

Inventory:

Hand Weapons
 a - a +2 dagger (weapon)
 b - a +0 blowgun
 B - a +0 rapier
   (You found it on level 3 of the Dungeon)
 D - a +0 dagger of holy wrath
   (You took it off an orc on level 3 of the Dungeon)
Missiles
 e - 26 poisoned needles
 f - 2 curare-tipped needles
 w - 2 javelins (quivered)
Armour
 d - a +0 cloak (worn)
 C - a +0 helmet (worn)
   (You took it off Robin on level 3 of the Dungeon)
 E - a +1 robe of resistance (worn)
   (You took it off Sigmund on level 4 of the Dungeon)
Jewellery
 l - a ring of see invisible (left hand) {sInv, !d}
   (You found it on level 1 of the Dungeon)
 n - an uncursed ring of flight {+Fly, !d}
   (You found it on level 1 of the Dungeon)
 y - a ring of protection from fire (right hand) {rF+, !d}
   (You found it on level 2 of the Dungeon)
Scrolls
 j - a scroll of amnesia
 p - a scroll of identify {unknown}
 A - a scroll of remove curse
Potions
 t - a potion of cancellation
Comestibles
 g - 4 bread rations {@e1}
 q - 3 fruits
 s - 2 slices of pizza
 v - a beef jerky
 x - a meat ration {@e2}


   Skills:
 - Level 1.7 Fighting
 + Level 2.9 Short Blades
 - Level 1.7 Throwing
 - Level 2.1 Dodging
 + Level 10.7 Stealth


You had 6 spell levels left.
You didn't know any spells.

Dungeon Overview and Level Annotations

Branches:
Dungeon (4/15)
 Temple: D:4-7

Altars:
Fedhas
Gozag
Xom

Shops:
D:4 =

Annotations:
D:2 exclusion: downstairs


Innate Abilities, Weirdness & Mutations

You have extremely sharp teeth.
You heal very quickly.
When hurt, damage is shared between your health and your magic reserves.
Your bite disrupts and absorbs the magic of your enemies.
Potions and wands cannot restore your health.
You are immune to rotting.


Message History

You kill the jackal!
You barely miss the worker ant. You bite the worker ant. You drain its power.
The worker ant bites you but does no damage.
You hit the worker ant but do no damage.
The worker ant closely misses you.
You closely miss the worker ant. You bite the worker ant. You drain its power.
The worker ant misses you.
You hit the worker ant but do no damage.
You bite the worker ant, but do no damage.
The worker ant barely misses you.
You barely miss the worker ant. Your bite misses the worker ant.
The worker ant bites you but does no damage.
You closely miss the worker ant. The worker ant bites you!
You are poisoned.
The worker ant poisons you!
You take 6 damage, and have 28/34 hp.
You now have 7/8 mp.
You hit the worker ant but do no damage.
You bite the worker ant, but do no damage.
You feel sick. The worker ant bites you.
You take 2 damage, and have 26/34 hp.
You hit the worker ant but do no damage.
Your bite misses the worker ant.
You feel sick. The worker ant closely misses you.
You closely miss the worker ant. The worker ant bites you.
You are more poisoned.
The worker ant poisons you!
You take 5 damage, and have 21/34 hp.
You now have 6/8 mp.
You hit the worker ant but do no damage.
You bite the worker ant, but do no damage.
You feel sick. The worker ant closely misses you.
You take 1 damage, and have 20/34 hp.
Unknown command.
Okay, then.
As you read the scroll of teleportation, it crumbles to dust.
You feel strangely unstable.
You feel sick. The worker ant bites you!
The worker ant bites you but does no damage.
You take 6 damage, and have 14/34 hp.
You now have 4/8 mp.
Unknown command.
It was a potion of cancellation.
You feel strangely stable.
You feel magically purged.
You feel sick. The worker ant closely misses you.
You take 1 damage, and have 13/34 hp.
You feel sick.
You feel sick.
You take 1 damage, and have 12/34 hp.
Unknown command.
You feel sick.
Unknown command.
You feel sick. The worker ant bites you.
* * * LOW HITPOINT WARNING * * *
You take 3 damage, and have 9/34 hp.
Unknown command.
Unknown command.
Okay, then.
It was a potion of flight.
You feel very buoyant.
You fly up into the air.
You feel sick. The worker ant closely misses you.
You take 1 damage, and have 8/34 hp.
It was a potion of curing.
Your system rejects the healing.
You feel better. The worker ant barely misses you.
As you read the scroll of teleportation, it crumbles to dust.
You feel strangely unstable. The worker ant bites you.
* * * LOW HITPOINT WARNING * * *
You are poisoned.
The worker ant poisons you!
You take 2 damage, and have 7/34 hp.
It was a potion of agility.
You feel agile all of a sudden.
You feel sick. The worker ant closely misses you.
Unknown command.
It was a potion of heal wounds.
That seemed strangely inert.
You feel sick. The worker ant misses you. The worker ant barely misses you.
You take 1 damage, and have 6/34 hp.
Unknown command.
Your surroundings suddenly seem different.
You feel sick.
You take 1 damage, and have 6/34 hp.
It was a potion of brilliance.
You feel clever all of a sudden.
You feel sick.
You see here a runed chain mail.
You take 1 damage, and have 6/34 hp.
As you read the scroll labeled ZUXZAM UPERERCH, it crumbles to dust.
You feel blessed for a moment.
It was a scroll of remove curse.
As you read the scroll labeled QUAS REYJUVU, it crumbles to dust.
You hear a loud clanging noise!
It was a scroll of noise.
Quiver which item? (- for none, * to show all) (? for menu, Esc to quit)
Okay, then.
As you read the scroll labeled QUCLEIZXUHU, it crumbles to dust.
The creatures around you are filled with an inner flame!
It was a scroll of immolation.
You feel sick.
Unknown command.
You hit the jackal. You bite the jackal. You drain its power.
You feel invigorated.
The jackal explodes!
The fiery explosion engulfs you! You resist.
You die...

#.....#
#...#.....#.##.
#.....#
########.###+#...#....
#.....##
#...............>#####
.......#
###.##............##
.......#
#...##...^......###
.......#
#.###############
.......# #........#
.........+....§§..#
.......###....§§@.#
..###### #....§§§.#
..# #........# ..#
#........# #.#
#........# #.#
########## #.## ...#
...#


There were no monsters in sight!

Vanquished Creatures
  Sigmund (D:4)
  An orc warrior (D:4)
  A scorpion (D:4)
  3 orc priests
  A hound (D:3)
  3 orc wizards
  Robin (D:3)
  8 adders
  An ooze (D:1)
  A worm (D:2)
  2 dart slugs
  5 giant geckos
  14 orcs
  6 giant cockroaches
  14 goblins
  15 hobgoblins
  17 jackals
  3 kobolds
  A quokka (D:2)
  A ball python (D:4)
  11 bats
  3 giant newts
  A jackal skeleton (D:4)
  23 rats
137 creatures vanquished.

Notes
Turn   | Place    | Note
-------+----------+-------------------------------------------
     0 | D:1      | RandomStreaks the Vine Stalker Assassin began the quest for the Orb.
     0 | D:1      | Reached XP level 1. HP: 11/11 MP: 2/2
    59 | D:1      | Reached skill level 5 in Stealth
   207 | D:1      | Reached XP level 2. HP: 15/15 MP: 3/3
   616 | D:1      | Reached skill level 6 in Stealth
   616 | D:1      | Reached XP level 3. HP: 18/18 MP: 2/4
   864 | D:1      | Reached skill level 2 in Short Blades
  1221 | D:2      | Found a blossoming altar of Fedhas.
  1299 | D:2      | Reached XP level 4. HP: 23/23 MP: 5/5
  1388 | D:2      | Found a shimmering altar of Xom.
  1639 | D:2      | Reached skill level 7 in Stealth
  2203 | D:3      | Found an opulent altar of Gozag.
  2214 | D:3      | Reached XP level 5. HP: 24/26 MP: 6/6
  2523 | D:3      | Reached skill level 1 in Dodging
  2810 | D:3      | Noticed Robin
  2857 | D:2      | Reached skill level 8 in Stealth
  3440 | D:3      | Gained mutation: You heal very quickly. [Vine Stalker growth]
  3440 | D:3      | Reached XP level 6. HP: 30/30 MP: 7/7
  3537 | D:3      | Killed Robin
  3601 | D:3      | Reached skill level 2 in Dodging
  3632 | D:3      | Reached skill level 9 in Stealth
  3899 | D:4      | Noticed Sigmund
  3945 | D:4      | Killed Sigmund
  3945 | D:4      | Reached XP level 7. HP: 26/34 MP: 5/8
  4053 | D:4      | Reached skill level 10 in Stealth
  4316 | D:4      | Found Kote Eseoq's Jewellery Shoppe.
  4730 | D:4      | HP: 8/34 [poisoned by a worker ant]
  4736 | D:4      | HP: 6/34 [poisoned by a worker ant]
  4741 | D:4      | HP: 7/34 [poisoned by a worker ant]
  4742 | D:4      | Killed from afar by a jackal

Vault maps used:
D:1:      ncdulo_wetmaze, wad_floor_pattern_1, minmay_domino_2
D:2:      xom_teletrap_fun, old_standard_altar, minmay_rat_hole
D:3:      nicolae_overflow_crystal_walls, serial_bayou_lagoon_a,
          minmay_misc_feat_x, uniq_robin
D:4:      serial_shops, shop, uniq_sigmund

Skill      XL: |  1  2  3  4  5  6  7 |
---------------+----------------------+-----
Stealth        | 5 6 7 8 9 10 | 10.7
Short Blades   | 2 |  2.9
Dodging        | 1 2 |  2.1
Fighting       | |  1.7
Throwing       | |  1.7

Action                   |  1- 3 |  4- 6 |  7- 9 || total
-------------------------+-------+-------+-------++-------
Melee: Dagger            |    91 |   300 |   112 ||   503
       Bite              |    25 |    81 |    35 ||   141
 Fire: Blowgun           |     2 |     1 |     6 ||     9
  Use: Scroll            |       |     2 |     5 ||     7
       Potion            |       |       |     6 ||     6
 Stab: Sleeping          |     4 |    12 |     2 ||    18
  Eat: Chunk             |     1 |     9 |     2 ||    12
Armor: Robe              |    23 |    63 |    20 ||   106
Dodge: Dodged            |    50 |   182 |    59 ||   291

Vault maps used:
D:1:      ncdulo_wetmaze, wad_floor_pattern_1, minmay_domino_2
D:2:      xom_teletrap_fun, old_standard_altar, minmay_rat_hole
D:3:      nicolae_overflow_crystal_walls, serial_bayou_lagoon_a,
          minmay_misc_feat_x, uniq_robin
D:4:      serial_shops, shop, uniq_sigmund

Table legend:
 A = Turns spent in this place as a percentage of turns spent in the entire game.
 B = Non-inter-level travel turns spent in this place as a percentage of non-inter-level travel turns spent in the entire game.
 C = Inter-level travel turns spent in this place as a percentage of turns spent in this place.
 D = Turns resting spent in this place as a percentage of non-inter-level travel turns spent in this place.
 E = Turns spent auto-exploring this place as a percentage of non-inter-level travel turns spent in this place.
 F = Non-inter-level travel turns spent in this place divided by the number of levels of this place that you've seen.
                   A       B       C       D       E      F
               +-------+-------+-------+-------+-------+----------------------
         Total | 100.0 | 100.0 |   0.3 |   2.2 |   1.9 | 738.5
       Dungeon | 100.0 | 100.0 |   0.3 |   2.2 |   1.9 | 738.5
               +-------+-------+-------+-------+-------+----------------------

Table legend:
 A = Kills in this place as a percentage of kills in entire the game.
 B = Kills by you in this place as a percentage of kills by you in the entire game.
 C = Kills by friends in this place as a percentage of kills by friends in the entire game.
 D = Other kills in this place as a percentage of other kills in the entire game.
 E = Experience gained in this place as a percentage of experience gained in the entire game.
 F = Experience gained in this place divided by the number of levels of this place that you have seen.
                   A       B       C       D       E      F
               +-------+-------+-------+-------+-------+----------------------
         Total | 100.0 | 100.0 |  -nan |  -nan | 100.0 | 263.5
       Dungeon | 100.0 | 100.0 |  -nan |  -nan | 100.0 | 263.5
               +-------+-------+-------+-------+-------+----------------------
